Unix NetHack Version 5.0.0-0 post-release - last build May 10 2026 23:12:36 (d1fa5d53e341ca933230fdaa984d921c805b60aa,branch:main).

Game began 2026-05-11 23:36:10, ended 2026-05-12 00:43:05.

Hareimo, chaotic male human Wizard

                                ------  -----
                                |.o..|  |...|
                                |..`.----.`.|
                                |[o@.....`..|
                                |)o--->---`.|
                                |---------.---
                                |.^.^.<|.....|
                                |.^----|`....|
                                --^|   |.`...|
                                 |^-----.`...|
                                 |^^^^^^`.`..|
                                 |..----------
                                 ----

Hareimo the Thaumaturge   St:5 Dx:14 Co:14 In:17 Wi:11 Ch:13  Chaotic
Dlvl:5  $:0  HP:0(45) Pw:4(69) AC:10 Xp:6 T:4363 

Latest messages:
 You are hit by a poisoned crude arrow.
 The Uruk-hai picks up an iron skull cap.
 In what direction? 6
 The spell hits the Uruk-hai!
 You kill the Uruk-hai!
 In what direction? 6
 The spell hits the sewer rat!
 You kill the sewer rat!
 You catch the crude arrow! e - a poisoned crude arrow (2 in total).
 You are hit by a poisoned crude arrow.
 In what direction? 9
 The boulder falls apart.
 The spell hits the Uruk-hai!
 The Uruk-hai picks up an iron skull cap.
 In what direction? 6
 The spell hits the Uruk-hai!
 The Uruk-hai hits!
 You don't have enough energy to cast that spell.
 You kill the Uruk-hai!
 The Uruk-hai wields a crude short sword!
 The Uruk-hai shoots a poisoned crude arrow!
 You are hit by a poisoned crude arrow.
 You don't have enough energy to cast that spell.
 You see here 13 rocks.
 You miss the Uruk-hai.
 The Uruk-hai picks up 13 rocks.
 What do you want to drink? [h or ?*] h
 You feel better.
 The Uruk-hai swings her crude bow.
 The Uruk-hai hits!
 You miss the Uruk-hai.
 You miss the Uruk-hai.
 You hit the Uruk-hai.
 The Uruk-hai swings her crude bow.
 The Uruk-hai hits!
 You hit the Uruk-hai.
 You hit the Uruk-hai.
 The Uruk-hai picks up a white-handed shield.
 The Uruk-hai swings her crude bow.
 The Uruk-hai hits!
 The Uruk-hai picks up an iron skull cap.
 The Uruk-hai hits!
 With great effort you move the boulder.
 The Uruk-hai hits!
 The Uruk-hai swings her crude bow.
 The Uruk-hai hits!
 The Uruk-hai thrusts his crude short sword.
 The Uruk-hai hits!
 You die...
 Do you want your possessions identified? [ynq] (y) q

Inventory:
 Weapons  (')')
  e - 2 poisoned +0 orcish arrows
 Comestibles  ('%')
  b - 2 uncursed fortune cookies
  c - an uncursed tripe ration
 Scrolls  ('?')
  d - an uncursed scroll of enchant weapon
 Potions  ('!')
  h - an uncursed potion of healing

Hareimo the Wizard's attributes:

Background:
 You were a Thaumaturge, a level 6 male human Wizard.
 You were chaotic, on a mission for Anhur
 who was opposed by Ptah (lawful) and Thoth (neutral).
 You were right-handed.
 You were in Sokoban, on level 5.
 You entered the dungeon 4363 turns ago.
 It was the midnight hour.
 You had 374 experience points, 266 more were needed to attain level 7.

Basics:
 You had 0 out of 45 hit points.
 You had 4 out of 69 energy points (spell power).
 Your armor class was 10.
 Your wallet was empty.
 Autopickup was off.

Final Characteristics:
 Your strength was 5 (peak:9, limit:18/100).
 Your dexterity was 14 (limit:18).
 Your constitution was 14 (limit:18).
 Your intelligence was 17 (limit:18).
 Your wisdom was 11 (limit:18).
 Your charisma was 13 (limit:18).

Final Status:
 You weren't hungry.
 You were unencumbered.
 You were bare handed.
 You were unskilled in bare handed combat.
 You weren't wearing any armor.

Final Attributes:
 You were piously aligned.
 You were level-drain resistant.
 You were telepathic.
 You aggravated monsters.
 You were a werejackal.
 You were harmed by silver.
 You were unlucky.
 You are dead.

Miscellaneous:
 You didn't encounter any bones levels.
 Total elapsed playing time was 1 hour, 6 minutes and 22 seconds.

Major events:
 Turn
    1: Hareimo the chaotic male human Wizard entered the dungeon
  698: attained the rank of Conjurer (level 3)
 2682: entered the Gnomish Mines
 2958: read a Discworld novel
 4304: entered Sokoban
 4339: attained the rank of Thaumaturge (level 6)
 4363: killed by an Uruk-hai

Spells:
 Name                 Level Category     Fail Retention
 force bolt             1   attack         0%   71%-80%
 cure blindness         2   healing       51%  76%-100%
 protection             1   clerical       0%  76%-100%
 dig                    5   matter       100%  76%-100%

Skills:
 Fighting Skills
   bare handed combat [Unskilled]
   riding             [Unskilled]
 Weapon Skills
   dagger             [Unskilled]
   knife              [Unskilled]
   axe                [Unskilled]
   short sword        [Unskilled]
   club               [Unskilled]
   mace               [Unskilled]
   quarterstaff       [Basic]
   polearms           [Unskilled]
   spear              [Unskilled]
   trident            [Unskilled]
   sling              [Unskilled]
   dart               [Unskilled]
   shuriken           [Unskilled]
 Spellcasting Skills
   attack spells      [Basic]
   healing spells     [Unskilled]
   divination spells  [Unskilled]
   enchantment spells [Basic]
   clerical spells    [Unskilled]
   escape spells      [Unskilled]
   matter spells      [Unskilled]

Voluntary challenges:
 Character rerolling was not enabled.
 You never genocided any monsters.
 You never polymorphed an object.
 You used no wishes.
 You violated the special Sokoban rules once.
Achievements:
 You attained the rank of Conjurer.
 You entered a shop.
 You entered the Gnomish Mines.
 You read from a Discworld novel.
 You entered Sokoban.
 You attained the rank of Thaumaturge.

 The Dungeons of Doom: levels 1 to 6
    Level 1:
       A fountain.
    Level 2:
    Level 3: "stash"
       A general store, a fountain.
    Level 4: "cat"
       A scroll shop, a fountain.
       Stairs down to The Gnomish Mines.
    Level 5:
       Many fountains.
    Level 6:
       A fountain.
       Stairs up to Sokoban, level 5.
 The Gnomish Mines:
    Level 5:
 Sokoban:
    Level 5: <- You were here.
       Unsolved.
       Final resting place for
          you, killed by an Uruk-hai.


Vanquished creatures:
  a dog
  6 Uruk-hai
  a rock mole
  a shrieker
  a giant ant
  4 floating eyes
  a kitten
  a kobold leader
  a rothe
  a giant bat
  a werejackal
 an iguana
  2 acid blobs
  2 hobbits
  5 manes
  2 large kobolds
  2 hobgoblins
  5 giant rats
  4 cave spiders
  a green mold
  a gnome
  a garter snake
  6 geckos
  9 jackals
  6 foxes
  5 kobolds
  4 goblins
  5 sewer rats
  7 grid bugs
  a bat
  2 lichens
  2 kobold zombies
  5 newts
97 creatures vanquished.

No species were genocided or became extinct.

Game over:
                       ----------
                      /          \
                     /    REST    \
                    /      IN      \
                   /     PEACE      \
                  /                  \
                  |     Hareimo      |
                  |       0 Au       |
                  |   killed by an   |
                  |     Uruk-hai     |
                  |                  |
                  |                  |
                  |       2026       |
                 *|     *  *  *      | *
        _________)/\\_//(\/(/\)/\//\/|_)_______

Goodbye Hareimo the Wizard...

You died in Sokoban on dungeon level 5 with 1756 points,
and 0 pieces of gold, after 4363 moves.
You were level 6 with a maximum of 45 hit points when you died.

